 Dungeon Crawl Stone Soup version 0.25.1-1-g288607f5aa (webtiles) character file.

Game seed: 4270156473821925720

35360 DerDa the Thaumaturge (level 13, -10/97 HPs)
             Began as a Mummy Ice Elementalist on July 24, 2020.
             Was a High Priest of Sif Muna.
             Mangled by a catoblepas (17 damage)
             ... while petrified by you
             ... on level 5 of the Lair of Beasts.
             The game lasted 00:55:58 (19618 turns).

DerDa the Thaumaturge (Mummy Ice Elementalist)     Turns: 19618, Time: 00:55:58

Health: -10/97     AC:  8    Str: 13    XL:     13   Next: 47%
Magic:  15/30      EV:  2    Int: 20    God:    Sif Muna [*****.]
Gold:   1041       SH:  0    Dex: 15    Spells: 21/39 levels left

rFire    x . .     SeeInvis +   c - +8 whip "Snakebite" {curare, rPois}
rCold    + . .     Gourm    .   F - +2 buckler
rNeg     + + +     Faith    .   z - +0 robe (curse)
rPois    ∞         Spirit   .   o - +1 helmet
rElec    +         Reflect  .   g - +1 cloak
rCorr    .         Harm     .   K - +0 pair of fencer's gloves {Riposte Dex+3}
MR       +....                  Q - +0 pair of boots
Stlth    ++........             E - amulet "Hamulyih" {*Drain rElec Regen+ Int+2}
HPRegen  0.66/turn              J - +4 ring of slaying
MPRegen  0.22/turn              l - ring of see invisible

@: petrified
A: no food or potions, fire vulnerability, cold resistance 1, negative energy
resistance 3, torment resistance, unbreathing, in touch with death 1
a: Channel Magic, Forget Spell, Divine Exegesis, Renounce Religion


You were on level 5 of the Lair of Beasts.
You worshipped Sif Muna.
Sif Muna was extremely pleased with you.
You were not hungry.

You visited 3 branches of the dungeon, and saw 17 of its levels.
You also visited: Volcano.

You collected 1086 gold pieces.
You spent 45 gold pieces at shops.

Inventory:

Hand Weapons
 c - the +8 whip "Snakebite" (weapon) {curare, rPois}
   (You found it on level 1 of the Lair of Beasts)

   It poisons the flesh of those it strikes.
   It protects you from poison.
 m - a +0 hunting sling
 u - a +0 shortbow
 y - a +1 whip of electrocution
Missiles
 a - 42 boomerangs
 e - 178 bolts
 i - 155 sling bullets
 r - 4 throwing nets
 v - 244 arrows
 I - 20 poisoned darts (quivered)
 N - 3 curare-tipped darts
Armour
 g - a +1 cloak (worn)
 k - a +2 pair of gloves
 n - a +2 animal skin
 o - a +1 helmet (worn)
 z - a cursed +0 robe (worn)
 F - a +2 buckler (worn)
 K - the +0 pair of fencer's gloves (worn) {Riposte Dex+3}
   (You acquired it on level 4 of the Lair of Beasts)

   It affects your dexterity (+3).
 Q - a +0 pair of boots (worn)
Jewellery
 l - a ring of see invisible (right hand)
 E - the amulet "Hamulyih" (around neck) {*Drain rElec Regen+ Int+2}
   (You found it on level 9 of the Dungeon)

   [amulet of regeneration]

   It affects your intelligence (+2).
   It insulates you from electricity.
   It increases your rate of regeneration.
   It causes draining when unequipped.
 J - a +4 ring of slaying (left hand)
Wands
 p - a wand of flame (28)
 t - a wand of iceblast (20)
 O - a wand of acid (5)
 P - a wand of disintegration (14)
Scrolls
 b - 5 scrolls of remove curse
 d - 6 scrolls of teleportation
 f - 2 scrolls of enchant armour
 h - a scroll of amnesia {unknown}
 j - 4 scrolls of fog
 q - 7 scrolls of blinking
 s - a scroll of silence {unknown}
 A - 6 scrolls of magic mapping
 C - a scroll of vulnerability
 D - 2 scrolls of enchant weapon
 G - a scroll of holy word
 H - 2 scrolls of fear
Miscellaneous
 L - a phantom mirror


   Skills:
 + Level 7.6 Fighting
 + Level 4.6 Dodging
 - Level 1.5 Stealth
 - Level 4.0 Shields
 * Level 13.9 Spellcasting
 + Level 6.4 Conjurations
 * Level 10.6 Ice Magic
 - Level 5.0 Air Magic
 - Level 5.0 Poison Magic
 + Level 4.4 Invocations


You had 21 spell levels left.
You knew the following spells:

 Your Spells              Type           Power        Failure   Level  Hunger
a - Freeze                Ice            ####         1%          1    N/A
b - Frozen Ramparts       Ice            ######       1%          3    N/A
c - Ozocubu's Armour      Chrm/Ice       #####...     1%          3    N/A
d - Hailstorm             Conj/Ice       #####...     1%          4    N/A
e - Summon Ice Beast      Ice/Summ       #####...     5%          4    N/A
f - Mephitic Cloud        Conj/Pois/Air  #####...     1%          3    N/A

Your spell library contained the following spells:

 Spells                   Type           Power        Failure   Level  Hunger
 Foxfire                  Conj/Fire      ####         1%          1    N/A
 Magic Dart               Conj           ####         1%          1    N/A
 Shock                    Conj/Air       ####         1%          1    N/A
 Sting                    Tmut/Pois      ###.         1%          1    N/A
 Poisonous Vapours        Pois/Air       ####..       1%          2    N/A
 Searing Ray              Conj           #####.       1%          2    N/A
 Static Discharge         Conj/Air       #####...     1%          3    N/A
 Conjure Flame            Conj/Fire      ####....     3%          3    N/A
 Animate Skeleton         Necr           N/A          4%          1    N/A
 Apportation              Tloc           ##....       4%          1    N/A
 Corona                   Hex            ##.....      4%          1    N/A
 Summon Small Mammal      Summ           ##..         4%          1    N/A
 Olgreb's Toxic Radiance  Pois           ####....     6%          4    N/A
 Blink                    Tloc           N/A          7%          2    N/A
 Call Imp                 Summ           ##......     7%          2    N/A
 Slow                     Hex            ##......     7%          2    N/A
 Ignite Poison            Fire/Tmut/Pois ###.....     7%          3    N/A
 Sticky Flame             Conj/Fire      ####....     12%         4    N/A
 Lightning Bolt           Conj/Air       #####.....   12%         5    N/A
 Inner Flame              Hex/Fire       ##......     14%         3    N/A
 Fireball                 Conj/Fire      ####......   34%         5    N/A
 Orb of Destruction       Conj           #####.....   95%         7    N/A
 Spellforged Servitor     Conj/Summ      ####......   100%        7    N/A
 Ignition                 Fire           ##........   100%        8    N/A
 Shatter                  Erth           ##........   100%        9    N/A
 Tornado                  Air            ####......   100%        9    N/A

Dungeon Overview and Level Annotations

Branches:
Dungeon (11/15)            Temple (1/1) D:5            Lair (5/6) D:11
 Shoals (0/4) Lair:4       Spider (0/4) Lair:3      Volcano (visited)
  Slime: Lair:5-6       Orc: D:9-12

Altars:
Ashenzari
Cheibriados
Dithmenos
Elyvilon
Fedhas
Gozag
Hepliaklqana
Kikubaaqudgha
Makhleb
Nemelex Xobeh
Okawaru
Qazlal
Ru
Sif Muna
Trog
Uskayaw
Vehumet
Wu Jian
Xom
Yredelemnul
Zin
The Shining One

Shops:
D:9 *

Annotations:
D:3 Grinder
Lair:2 exclusion: oklob plant
Lair:3 1 runed translucent door, Befuwnopp's ghost, journeyman TrHu


Innate Abilities, Weirdness & Mutations

You do not eat or drink.
Your flesh is vulnerable to fire.
You are immune to poison.
Your flesh is cold resistant. (rC+)
You are immune to negative energy. (rN+++)
You are immune to unholy pain and torment.
You can survive without breathing.
You are in touch with the powers of death.


Message History

You are engulfed in calcifying dust.
The catoblepas gores you!
* * * LOW HITPOINT WARNING * * *
The yak gores you.
* * * LOW HITPOINT WARNING * * *
The yak gores you.
* * * LOW HITPOINT WARNING * * *
The catoblepas gores you!
* * * LOW HITPOINT WARNING * * *
The yak gores you but does no damage.
The catoblepas breathes a plume of calcifying dust at you.
The blast of calcifying dust hits you but does no damage.
You are engulfed in calcifying dust.
The yak gores you!
* * * LOW HITPOINT WARNING * * *
The catoblepas breathes a plume of calcifying dust at you.
The blast of calcifying dust hits you.
* * * LOW HITPOINT WARNING * * *
You are engulfed in calcifying dust.
The yak gores you!
* * * LOW HITPOINT WARNING * * *
The catoblepas gores you!!
You die...

###....P.###....###..P..#
.........#...#..# ##.P..###
.........##..#.## #.........
.#####....#..#).###.....##.#
#.......#....#.#....P#
..............##....P..#
............†...#....P..#
..###.........#.§#.....## .
##.#..##.P.#@......#
#...###.P.#YY#....# ##..#
....##.#....P# ...#
#.#..#......## ...
##..##....... #.....###
#.....P #......# .....#


You could see a catoblepas (very poisoned) and a yak.

Vanquished Creatures
  A hydra (Lair:3)
  A catoblepas (Lair:5)
  A queen ant (Lair:2)
  3 two-headed ogres
  2 death yaks
  Sonja (D:11)
  Nergalle (D:10)
  Pikel (D:8)
  3 oklob plants
  A manticore (Lair:4)
  4 black mambas
  3 elephants (Lair:2)
  8 spiny frogs
  A gargoyle (D:11)
  Joseph (D:10)
  Maggie (D:8)
  3 rime drakes
  9 komodo dragons
  A polar bear (Lair:4)
  A hornet (Lair:3)
  Prince Ribbit (D:6)
  4 blink frogs (Lair:3)
  A vampire (D:9)
  3 hippogriffs
  A spriggan (D:9)
  5 wyverns
  28 yaks
  2 humans (D:7)
  A hungry ghost (D:11)
  4 basilisks
  Grum (D:8)
  11 water moccasins
  6 porcupines
  9 soldier ants (Lair:2)
  8 orc warriors
  4 black bears
  An ice beast (D:11)
  5 sky beasts
  A phantom (D:10)
  3 slaves (D:8)
  4 ogres
  2 wolves (D:8)
  4 centaurs
  4 crocodiles
  2 big kobolds (D:11)
  A gnoll sergeant (D:9)
  16 bullfrogs
  A wyvern zombie (D:11)
  A wyvern skeleton (D:10)
  7 scorpions
  7 killer bees
  5 howler monkeys
  2 electric eels (Lair:4)
  2 centaur zombies
  4 crimson imps
  A quasit (D:10)
  A jelly (D:7)
  2 hounds
  5 orc priests
  2 centaur skeletons
  Crazy Yiuf (D:5)
  2 iguanas (D:8)
  32 worker ants
  12 orc wizards
  A hound zombie (D:9)
  2 hound skeletons (D:4)
  2 worker ant zombies
  Robin (D:3)
  2 howler monkey skeletons
  6 adders
  11 gnolls
  4 shadow imps
  2 oozes
  2 adder zombies
  An adder skeleton (D:5)
  4 worms
  3 dart slugs
  3 leopard geckos
  36 orcs
  5 bats
  7 giant cockroaches
  7 hobgoblins
  11 jackals
  13 kobolds
  7 quokkas
  A ball python (D:4)
  3 frilled lizards
  21 goblins
  2 goblin zombies (D:8)
  A leopard gecko zombie (D:6)
  8 rats
  7 fungi
  3 plants
442 creatures vanquished.

Vanquished Creatures (collateral kills)
  A hydra (Lair:4)
  A spiny frog (Lair:1)
  The ghost of Venard the Conjurer, a novice DgWn (D:6)
  A yak (Lair:5)
  A plant (Lair:4)
5 creatures vanquished.

Vanquished Creatures (others)
  An orc wizard (D:9)
  A worker ant (D:8)
  6 fungi
  2 plants
10 creatures vanquished.

Grand Total: 457 creatures vanquished

Notes
Turn   | Place    | Note
-------+----------+-------------------------------------------
     0 | D:1      | DerDa the Mummy Ice Elementalist began the quest for the
                  | Orb.
     0 | D:1      | Reached XP level 1. HP: 13/13 MP: 4/4
   396 | D:1      | Reached skill level 3 in Spellcasting
   565 | D:1      | Reached XP level 2. HP: 19/19 MP: 4/6
  1164 | D:1      | Reached XP level 3. HP: 24/24 MP: 6/8
  1174 | D:1      | Learned a level 3 spell: Frozen Ramparts
  1178 | D:1      | Learned a level 3 spell: Ozocubu's Armour
  1426 | D:2      | Found a basalt altar of Yredelemnul.
  2056 | D:2      | Reached skill level 4 in Spellcasting
  2579 | D:3      | Noticed Grinder
  2588 | D:3      | Paralysed by Grinder for 2 turns
  3012 | D:3      | Reached XP level 4. HP: 30/30 MP: 8/10
  3052 | D:3      | Noticed Robin
  3068 | D:3      | Killed Robin
  3244 | D:4      | Noticed an ogre
  3354 | D:4      | Found a sand-covered staircase.
  3416 | D:4      | Killed an ogre
  3416 | D:4      | Reached skill level 5 in Spellcasting
  3416 | D:4      | Reached XP level 5. HP: 35/35 MP: 7/12
  3424 | D:4      | Learned a level 4 spell: Hailstorm
  3474 | D:4      | Reached XP level 6. HP: 31/41 MP: 7/14
  3608 | D:4      | Learned a level 4 spell: Summon Ice Beast
  3682 | D:4      | Reached skill level 5 in Ice Magic
  3789 | D:4      | Reached skill level 6 in Spellcasting
  3827 | D:4      | Found an ancient bone altar of Kikubaaqudgha.
  4013 | D:4      | Found a sacrificial altar of Ru.
  4096 | D:4      | Found a stormy altar of Qazlal.
  4234 | D:5      | Entered Level 5 of the Dungeon
  4342 | D:5      | Found a staircase to the Ecumenical Temple.
  4349 | Temple   | Entered the Ecumenical Temple
  4638 | D:5      | Reached skill level 1 in Fighting
  4643 | D:5      | Reached skill level 1 in Conjurations
  4643 | D:5      | Reached XP level 7. HP: 20/48 MP: 9/16
  4847 | D:5      | Found a runed translucent door.
  4848 | D:5      | Noticed Crazy Yiuf
  5030 | D:5      | Found a shimmering blue altar of Sif Muna.
  5039 | D:5      | Became a worshipper of Sif Muna the Loreminder
  5584 | D:5      | Killed Crazy Yiuf
  5676 | D:6      | Reached skill level 7 in Spellcasting
  5786 | D:6      | Found a transporter.
  5789 | D:6      | Found a transporter.
  5789 | D:6      | Noticed Venard's ghost (novice DgWn)
  5815 | D:6      | Found an ornate altar of the Wu Jian Council.
  5941 | D:6      | Found a sparkling altar of Nemelex Xobeh.
  5949 | D:6      | Noticed Prince Ribbit
  5960 | D:6      | Killed Prince Ribbit
  5960 | D:6      | Reached * piety under Sif Muna
  5960 | D:6      | Reached XP level 8. HP: 12/57 MP: 8/19
  6253 | D:6      | Found a burning altar of Makhleb.
  6254 | D:6      | Found a radiant altar of Vehumet.
  6714 | D:7      | Found a snail-covered altar of Cheibriados.
  6726 | D:7      | Found an iron altar of Okawaru.
  6741 | D:7      | Reached skill level 8 in Spellcasting
  6925 | D:7      | Learned a level 3 spell: Mephitic Cloud
  7521 | D:7      | Reached skill level 9 in Spellcasting
  7521 | D:7      | Reached skill level 1 in Air Magic
  7521 | D:7      | Reached skill level 1 in Poison Magic
  7521 | D:7      | Reached XP level 9. HP: 56/64 MP: 15/22
  7821 | D:8      | Noticed Maggie
  7835 | D:8      | Killed Maggie
  8040 | D:8      | Noticed Grum
  8054 | D:8      | Reached ** piety under Sif Muna
  8226 | D:8      | Noticed Pikel
  8493 | D:8      | Killed Grum
  8542 | D:8      | Found a white marble altar of Elyvilon.
  8552 | D:8      | Killed Pikel
  8552 | D:8      | Reached skill level 10 in Spellcasting
  8750 | D:8      | Reached XP level 10. HP: 67/73 MP: 17/24
  9061 | D:8      | Found a glowing golden altar of the Shining One.
  9467 | D:6      | Killed Venard's ghost
  9622 | D:9      | Noticed a two-headed ogre
  9651 | D:9      | Killed a two-headed ogre
  9991 | D:9      | Got a vibrating ivory amulet
  9992 | D:9      | Identified the amulet "Hamulyih" {*Drain rElec Regen+
                  | Int+2} (You found it on level 9 of the Dungeon)
 10145 | D:9      | Reached skill level 5 in Fighting
 10159 | D:9      | Found Barchebib's General Store.
 10165 | D:9      | Bought a scroll of magic mapping for 45 gold pieces
 10486 | D:9      | Found a shadowy altar of Dithmenos.
 10517 | D:9      | Reached skill level 11 in Spellcasting
 10989 | D:10     | Entered Level 10 of the Dungeon
 11048 | D:10     | Reached *** piety under Sif Muna
 11312 | D:10     | Noticed Nergalle
 11351 | D:10     | Killed Nergalle
 11351 | D:10     | Reached XP level 11. HP: 80/80 MP: 20/26
 11831 | D:10     | Noticed Joseph
 11845 | D:10     | Killed Joseph
 12152 | D:11     | Noticed Sonja
 12154 | D:11     | Noticed a two-headed ogre
 12168 | D:11     | Killed a two-headed ogre
 12203 | D:11     | Killed Sonja
 12203 | D:11     | Reached skill level 5 in Conjurations
 12203 | D:11     | Reached skill level 1 in Invocations
 12263 | D:11     | Reached **** piety under Sif Muna
 12540 | D:11     | Reached skill level 12 in Spellcasting
 13032 | D:11     | Reached ***** piety under Sif Muna
 13079 | D:11     | Noticed a two-headed ogre
 13092 | D:11     | Killed a two-headed ogre
 13395 | D:11     | Found a staircase to the Lair.
 13644 | Lair:1   | Entered Level 1 of the Lair of Beasts
 13893 | Lair:1   | Received a gift from Sif Muna
 14111 | Lair:1   | Reached XP level 12. HP: 56/89 MP: 19/28
 14207 | Lair:1   | Found the +8 whip "Snakebite" {curare, rPois}
 15330 | Lair:2   | Reached skill level 1 in Shields
 15636 | Lair:2   | Noticed a queen ant
 15653 | Lair:2   | Killed a queen ant
 15976 | Lair:2   | Reached skill level 5 in Poison Magic
 16211 | Lair:2   | Reached skill level 13 in Spellcasting
 16213 | Lair:2   | Reached skill level 10 in Ice Magic
 16340 | Lair:3   | Noticed a four-headed hydra
 16350 | Lair:3   | Killed a four-headed hydra
 16350 | Lair:3   | Reached skill level 5 in Air Magic
 16471 | Lair:3   | Noticed Befuwnopp's ghost (journeyman TrHu)
 16480 | Lair:3   | Found a runed translucent door.
 16803 | Lair:3   | Found a hole to the Spider Nest.
 17055 | Lair:3   | Identified Sif Muna's Reference Book on Combat Magic (Sif
                  | Muna gifted it to you on level 3 of the Lair of Beasts)
 17055 | Lair:3   | Received a gift from Sif Muna
 17520 | Lair:4   | Gained mutation: You are in touch with the powers of death.
                  | [Mummy growth]
 17520 | Lair:4   | Reached XP level 13. HP: 80/96 MP: 23/30
 17783 | Lair:4   | Found a dark tunnel.
 17792 | Volcano  | Entered a volcano
 18567 | Lair:4   | Found a staircase to the Shoals.
 18639 | Lair:4   | Identified a scroll of acquirement
 18640 | Lair:4   | Acquired the +0 pair of fencer's gloves {Riposte Dex+3}
 18641 | Lair:4   | Found the +0 pair of fencer's gloves {Riposte Dex+3}
 19618 | Lair:5   | Mangled by a catoblepas

Illustrated notes

Levels and vault maps discovered:
D:1:      evilmike_arrival_fibonacci_small, layout_basic, serial_forest,
          infiniplex_forest_diagonal, infiniplex_forest_lined_corner,
          infiniplex_forest_end_1, infiniplex_forest_straight_2,
          infiniplex_forest_clump_diagonal, infiniplex_forest_fountain,
          infiniplex_forest_end_1, serial_bayou_pond_e
D:2:      layout_loops_corners, overflow_temple_1_default
D:3:      layout_rooms, first_ration, uniq_robin, uniq_grinder
D:4:      layout_cave_pools, kennysheep_mini, nicolae_overflow_crystal_walls,
          grunt_qazlal_clouds, chequers_ossuary_entry_cave, hex_tiny
D:5:      layout_loops_ring, old_standard_altar, minmay_temple_entry_hall,
          minmay_ogre_servants, uniq_crazy_yiuf_cottage
D:6:      layout_basic, grunt_temple_overflow_lords_of_destruction,
          kennysheep_mini_moat, lemuel_round_altar, gammafunk_ghost_arena,
          uniq_prince_ribbit1
D:7:      layout_basic, okawaru_humans, lemuel_round_altar
D:8:      layout_rooms, nicolae_tso_swordbearing_angel, serial_corexii_hall,
          corexii_hall_statues_i, chequers_hall_statues_wall_a, enter_ossuary_4,
          basic_altar, uniq_maggie, uniq_pikel, uniq_grum
D:9:      layout_stronghold, grunt_dithmenos_smoke_and_mirrors, serial_shops,
          nicolae_shop_stone, the_bakery, ebering_dispersal_statue_hall,
          minmay_checkerbox
D:10:     layout_rooms, uniq_nergalle, uniq_joseph
D:11:     layout_irregular_city, grunt_lair_entry_orc_guard_hut, uniq_sonja
Temple:   compressed_dpeg_triangle_lava_temple
Lair:1:   minmay_guarded_unrand_snakebite, layout_regular_city
Lair:2:   layout_regular_city, zaba_antful_of_joy, minmay_lair_oklob_chamber
Lair:3:   layout_cave_pods, nicolae_spider_entry_non_spiders,
          hellmonk_ghost_happy_afterlife, beast_lair_carwin_8
Lair:4:   layout_cellular_growth, minmay_shoals_entry_beasts,
          nicolae_volcano_entry_lava_flow, hangedman_lair_unloving_vines,
          nicolae_quartered_pool_medium
Lair:5:   beast_lair_carwin_large_4, layout_long_grid, serial_bayou_shore_b

Skill      XL: |  1  2  3  4  5  6  7  8  9 10 11 12 13 |
---------------+----------------------------------------+-----
Spellcasting   | 3 4 5 6 7 9 10 11 12 13 | 13.9
Ice Magic      | 4 5 6 7 8 9 10 | 10.6
Fighting       | 1 2 3 4 5 6 7 |  7.6
Conjurations   | 1 2 3 4 5 6 |  6.4
Air Magic      | 1 2 3 4 5 |  5.0
Poison Magic   | 1 2 3 4 5 |  5.0
Dodging        | 2 4 |  4.6
Invocations    | 2 3 4 |  4.4
Shields        | 3 4 |  4.0
Stealth        | |  1.5

Action                   |  1- 3 |  4- 6 |  7- 9 | 10-12 | 13-15 || total
-------------------------+-------+-------+-------+-------+-------++-------
Melee: Club              |    17 |    44 |       |       |       ||    61
       Mace              |       |    27 |     8 |       |       ||    35
       Quarterstaff      |       |       |    14 |   209 |       ||   223
       Long sword        |       |       |    44 |       |       ||    44
       Whip              |       |       |    10 |   142 |    77 ||   229
       Short sword       |       |       |       |    10 |       ||    10
Throw: Dart              |       |     8 |    10 |    30 |     3 ||    51
       Boomerang         |       |       |       |     2 |       ||     2
 Cast: Freeze            |    82 |    24 |    57 |    67 |       ||   230
       Frozen Ramparts   |     2 |    10 |    26 |    61 |    10 ||   109
       Ozocubu's Armour  |       |     2 |    15 |    17 |     2 ||    36
       Hailstorm         |       |       |    10 |    64 |    28 ||   102
       Summon Ice Beast  |       |       |       |     9 |     9 ||    18
       Mephitic Cloud    |       |       |       |     2 |       ||     2
  Use: Scroll            |       |     8 |     3 |     4 |     3 ||    18
 Stab: Paralysed         |       |       |       |     3 |       ||     3
       Sleeping          |       |       |       |     3 |       ||     3
       Distracted        |       |       |       |     1 |       ||     1
       Confused          |       |       |       |     2 |       ||     2
Armor: Robe              |    13 |     1 |       |   176 |    22 ||   212
       Animal skin       |       |    42 |    64 |       |       ||   106
Dodge: Dodged            |    55 |    59 |    98 |   319 |    53 ||   584
Block: Buckler           |       |       |       |       |     8 ||     8
       Rpst.: Long sword |       |       |    21 |       |       ||    21
       Whip              |       |       |       |       |     7 ||     7
